 Dungeon Crawl Stone Soup version 0.21.0-3-g78d12a8 (webtiles) character file.

560 HungrySpirit the Cutter (level 7, -1/41 HPs)
             Began as a Deep Elf Artificer on Jan 8, 2018.
             Shot with an arrow by a centaur (15 damage)
             ... on level 5 of the Dungeon.
             The game lasted 00:11:22 (6693 turns).

HungrySpirit the Cutter (Deep Elf Artificer)        Turns: 6693, Time: 00:11:23

Health: -1/41      AC:  3    Str:  9    XL:     7   Next: 9%
Magic:  11/11      EV: 15    Int: 18    God:
Gold:   32         SH:  0    Dex: 15    Spells: 6/6 levels left

rFire    . . .     SeeInvis .   a - +0 short sword
rCold    . . .     Gourm    .   (no shield)
rNeg     . . .     Faith    .   g - +0 robe of Amorality {Stlth+} (curse)
rPois    .         Spirit   .   (no helmet)
rElec    .         Reflect  .   h - +0 cloak
rCorr    +         Harm     .   (no gloves)
MR       .....                  (no boots)
Stlth    +++.......             (no amulet)
HPRegen  0.13/turn              n - ring of resist corrosion
MPRegen  0.12/turn              (no ring)

@: very slightly contaminated, invisible
A: no striking features
a: no special abilities


You were on level 5 of the Dungeon.
You were hungry.

You visited 1 branch of the dungeon, and saw 5 of its levels.

You collected 214 gold pieces.
You spent 182 gold pieces at shops.

Inventory:

Hand Weapons
 a - a +0 short sword (weapon)
 x - a +0 war axe of freezing
Armour
 g - the cursed +0 robe of Amorality (worn) {Stlth+}
   (You bought it in a shop on level 5 of the Dungeon)

   It makes you more stealthy.
   It has a curse placed upon it.
 h - a +0 cloak (worn)
 k - a +0 pair of gloves
Jewellery
 n - a ring of resist corrosion (left hand)
Scrolls
 c - a scroll of fog {unknown}
 d - a scroll of enchant weapon {unknown}
 l - 2 scrolls of remove curse {unknown}
 p - 2 scrolls of teleportation {unknown}
 s - a scroll of magic mapping {unknown}
 t - a scroll of blinking {unknown}
 u - a scroll of random uselessness {unknown}
 v - a scroll of amnesia {unknown}
Potions
 i - 3 potions of agility
 j - a potion of might {unknown}
 m - a potion of heal wounds {unknown}
 o - 3 potions of flight {unknown}
 q - a potion of haste {unknown}
 r - a potion of cancellation {unknown}
 w - a potion of ambrosia {unknown}
Comestibles
 f - 10 rations


   Skills:
 - Level 3.0 Fighting
 * Level 5.3 Short Blades
 + Level 5.1 Dodging
 - Level 1.2 Stealth
 + Level 0.0 Spellcasting
   Level 3.2 Evocations


You had 6 spell levels left.
You didn't know any spells.

Dungeon Overview and Level Annotations

Branches:
Dungeon (5/15)
 Temple: D:4-7

Altars:
Dithmenos
Elyvilon
Okawaru

Shops:
D:5 [(*

Annotations:
D:5 Edmund


Message History

The arrow barely misses you.
You see here an arrow.
A hound comes into view.
A centaur comes into view.
The centaur wields a shortbow.
The centaur shoots an arrow.
The arrow closely misses you.
The centaur shoots an arrow.
The arrow hits you!
You see here 2 arrows.
You fade into invisibility!
The centaur shoots an arrow.
The arrow hits you!
The hound barks!
You are very lightly contaminated with residual magic.
The centaur shoots an arrow. x3
The centaur shoots an arrow. x2
The hound barely misses you. The hound misses you.
The hound bites you but does no damage.
The centaur shoots an arrow.
The hound barely misses you.
The centaur shoots an arrow. x2; The arrow hits the hound.
There is a stone staircase leading up here.
The centaur shoots an arrow.
The arrow hits you!
You die...

............# ...##
.....c......#........
..................... .
..................... ..
........................
....................∩...
......#####.............
......#####....(##......
......(........h@.......
..#######..c..(<........
#.# #.......##...### ..#
#.............).
..#######c..............
........##....#).5......
........'...............
........#.(.....##...∩..
........#........#....


You could see 2 centaurs and a hound.

Vanquished Creatures
  Duvessa (D:5)
  2 gnolls
  A scorpion (D:4)
  Dowan (D:5)
  2 orc priests
  An orc wizard (D:4)
  A worker ant (D:4)
  A hound zombie (D:5)
  A hound skeleton (D:3)
  5 adders
  2 worms (D:2)
  A dart slug (D:4)
  2 leopard geckos (D:4)
  5 orcs
  3 ball pythons
  8 bats
  4 giant cockroaches
  4 goblins
  9 hobgoblins
  6 jackals (D:1)
  9 kobolds
  A quokka (D:3)
  2 frilled lizards
  7 rats
79 creatures vanquished.

Vanquished Creatures (collateral kills)
  An ogre (D:4)
  A hound (D:5)
  A worker ant (D:5)
  An adder skeleton (D:5)
  A worm (D:4)
  A leopard gecko (D:5)
  4 orcs
10 creatures vanquished.

Vanquished Creatures (others)
  A centaur zombie (D:5)
  2 gnolls (D:4)
  An orc (D:4)
4 creatures vanquished.

Grand Total: 93 creatures vanquished

Notes
Turn   | Place    | Note
-------+----------+-------------------------------------------
     0 | D:1      | HungrySpirit the Deep Elf Artificer began the quest for the Orb.
     0 | D:1      | Reached XP level 1. HP: 11/11 MP: 5/5
   275 | D:1      | Reached skill level 1 in Fighting
   439 | D:1      | Reached XP level 2. HP: 11/16 MP: 6/6
  1626 | D:2      | Found a shadowy altar of Dithmenos.
  1632 | D:2      | Reached XP level 3. HP: 20/20 MP: 7/7
  2909 | D:3      | Reached XP level 4. HP: 24/25 MP: 8/8
  4088 | D:3      | Reached XP level 5. HP: 3/30 MP: 9/9
  4407 | D:4      | Noticed an ogre
  4434 | D:4      | Killed an ogre
  4752 | D:4      | Reached XP level 6. HP: 25/36 MP: 10/10
  5727 | D:4      | Found a white marble altar of Elyvilon.
  5795 | D:4      | Found an iron altar of Okawaru.
  5960 | D:5      | Entered Level 5 of the Dungeon
  5960 | D:5      | Found Ymiricua's Antique Weapon Boutique.
  5964 | D:5      | Noticed Duvessa
  5967 | D:5      | Noticed Dowan
  6044 | D:5      | Found Amecu's Antique Armour Shoppe.
  6044 | D:5      | Noticed Edmund
  6078 | D:5      | Bought a creamy pearl robe for 182 gold pieces
  6288 | D:4      | Identified the cursed +0 robe of Amorality {Stlth+} (You bought it in a shop on level 5 of the Dungeon)
  6368 | D:5      | Killed Dowan
  6368 | D:5      | Reached skill level 5 in Short Blades
  6373 | D:5      | Killed Duvessa
  6373 | D:5      | Reached skill level 5 in Dodging
  6373 | D:5      | Reached XP level 7. HP: 41/41 MP: 11/11
  6400 | D:5      | Found Rediomui's General Store.
  6693 | D:5      | Shot with an arrow by a centaur

Skill      XL: |  1  2  3  4  5  6 |
---------------+-------------------+-----
Fighting       | 1 2 3 |  3.0
Short Blades   | 2 3 4 5 |  5.3
Dodging        | 3 4 5 |  5.1
Stealth        | |  1.2
Evocations     | |  3.2

Action                   |  1- 3 |  4- 6 |  7- 9 || total
-------------------------+-------+-------+-------++-------
Melee: Short sword       |   198 |   238 |     3 ||   439
Evoke: Wand              |    11 |    32 |     2 ||    45
  Use: Scroll            |       |     2 |     1 ||     3
       Potion            |       |       |     1 ||     1
 Stab: Sleeping          |     1 |       |       ||     1
       Distracted        |       |     1 |       ||     1
       Paralysed         |       |     1 |       ||     1
  Eat: Chunk             |     5 |    13 |       ||    18
Armor: Leather armour    |    65 |    55 |       ||   120
       Robe              |       |     3 |     2 ||     5
Dodge: Dodged            |   159 |   184 |     7 ||   350
